 Dungeon Crawl Stone Soup version 0.29-a0-542-g075992c915 (webtiles) character file.

Game seed: 11073237737977202910

4428 vineage the Fighter (level 10, -3/73 HPs)
             Began as a Gargoyle Fighter on June 3, 2022.
             Was a Priest of Okawaru.
             Slain by a vault guard
             ... wielding a +0 broad axe
              (21 damage)
             ... in a bailey.
             The game lasted 00:09:18 (7707 turns).

vineage the Fighter (Gargoyle Fighter)              Turns: 7707, Time: 00:09:18

Health: -3/73      AC: 13    Str: 30    XL:     10   Next: 36%
Magic:  10/10      EV: 10    Int:  9    God:    Okawaru [***...]
Gold:   386        SH:  6    Dex: 17    Spells: 9/9 levels left

rFire   x . .      SeeInvis .   q - +9 hand axe "Asotata" {vamp, rF- rCorr Str+2}
rCold   . . .      Faith    .   c - +0 buckler
rNeg    + . .      Spirit   .   d - +0 troll leather armour {Pargi}
rPois   ∞          Reflect  .   (no helmet)
rElec   +          Harm     .   (no cloak)
rCorr   +          Rampage  .   (no gloves)
Will    .....                   G - +0 pair of boots
Stlth   +.........              (no amulet)
HPRegen 1.02/turn               F - +6 ring of strength
MPRegen 0.12/turn               o - +6 ring of dexterity

@: no status effects
A: sickness immunity, AC +7, negative energy resistance 1, electricity
resistance, torment resistance 1, petrification resistance, talons 1
a: Renounce Religion, Heroism


You were in a bailey.
You worshipped Okawaru.
Okawaru was most pleased with you.
You visited 2 branches of the dungeon, and saw 9 of its levels.
You also visited: Bailey.

You collected 386 gold pieces.

Inventory:

Hand Weapons
 a - a +1 flail
 q - the +9 hand axe "Asotata" (weapon) {vamp, rF- rCorr Str+2}
   (You found it on level 5 of the Dungeon)

   It occasionally heals its wielder for a portion of the damage dealt when it
   wounds a living foe.
   Str:       It affects your strength (+2).
   rF:        It makes you vulnerable to fire.
   rCorr:     It protects you from acid and corrosion.
Armour
 c - a +0 buckler (worn)
 d - a +0 troll leather armour (worn) {Pargi}
 G - a +0 pair of boots (worn)
Jewellery
 b - an amulet of regeneration
 e - a +6 ring of intelligence
 h - an amulet of faith
 m - a +4 ring of evasion
 o - a +6 ring of dexterity (right hand)
 F - a +6 ring of strength (left hand)
Wands
 r - a wand of acid (7)
 v - a wand of iceblast (11)
 y - a wand of digging (4)
 C - a wand of polymorph (8)
Scrolls
 k - 4 scrolls of teleportation
 u - a scroll of enchant weapon
 w - a scroll of immolation
 A - a scroll of vulnerability
 B - a scroll of amnesia
Potions
 f - 2 potions of curing
 g - a potion of lignification {unknown}
 i - a potion of magic
 n - a potion of resistance
 p - 2 potions of cancellation
 s - a potion of haste
 t - a potion of attraction
 x - 2 potions of flight


   Skills:
 * Level 13.3 Fighting
 + Level 4.3(4.5) Axes
 - Level 2.0(3.6) Maces & Flails
 + Level 6.4 Armour
 + Level 6.4 Shields


You had 9 spell levels left.
You didn't know any spells.
Your spell library contained the following spells:

 Spells                   Type           Power      Damage    Failure   Level
 Necrotize                Necr           0%         1d4       50%         1
 Gell's Gravitas          Tloc           0%         N/A       86%         3
 Ignite Poison            Fire/Tmut/Pois 0%         N/A       86%         3
 Lesser Beckoning         Tloc           0%         N/A       86%         3
 Mephitic Cloud           Conj/Pois/Air  0%         N/A       86%         3
 Portal Projectile        Hex/Tloc       0%         N/A       86%         3
 Teleport Other           Tloc           0%         N/A       86%         3
 Vampiric Draining        Necr           0%         2d6       86%         3
 Leda's Liquefaction      Hex/Erth       0%         N/A       99%         4
 Agony                    Necr           0%         N/A       100%        5
 Freezing Cloud           Conj/Ice/Air   0%         6-21      100%        5
 Summon Small Mammal      Summ           Unusable   N/A       N/A         1
 Call Canine Familiar     Summ           Unusable   N/A       N/A         3
 Summon Guardian Golem    Hex/Summ       Unusable   N/A       N/A         3
 Animate Dead             Necr           Unusable   N/A       N/A         4
 Haunt                    Necr/Summ      Unusable   N/A       N/A         7
 Infestation              Necr           Unusable   N/A       N/A         8

Dungeon Overview and Level Annotations

Branches:
Dungeon (8/15)             Temple (1/1) D:6          Bailey (1/1)
   Lair: D:8-11

Altars:
Ashenzari
Cheibriados
Dithmenos
Elyvilon
Fedhas
Gozag
Hepliaklqana
Kikubaaqudgha
Makhleb
Nemelex Xobeh
Okawaru
Qazlal
Ru
Sif Muna
Trog
Uskayaw
Vehumet
Wu Jian
Xom
Yredelemnul
Zin
The Shining One

Shops:
D:4 !


Innate Abilities, Weirdness & Mutations

You are immune to sickness and miasma.
Your stone body is resilient. (AC +7)
You are immune to poison.
You resist negative energy. (rN+)
You are resistant to electric shocks. (rElec)
You are resistant to unholy torment.
You are immune to petrification.
You have sharp toenails.


Message History

You hit the vault guard.
You feel better.
The vault guard is moderately wounded.
The vault guard barely misses you.
You hit the vault guard.
The vault guard is heavily wounded.
You float gracefully downwards.
You block the vault guard's attack.
The vault guard hits you but does no damage.
You hit the vault guard but do no damage.
The vault guard is heavily wounded.
You block the vault guard's attack.
You hit the vault guard.
The vault guard is heavily wounded.
The vault guard hits you with a +0 broad axe!
* * * LOW HITPOINT WARNING * * *
You closely miss the vault guard.
The vault guard is heavily wounded.
The vault guard hits you with a +0 broad axe.
* * * LOW HITPOINT WARNING * * *
You hit the vault guard but do no damage.
The vault guard is heavily wounded.
The vault guard hits you with a +0 broad axe!
* * * LOW HITPOINT WARNING * * *
You feel better. You block the vault guard's attack.
You slash the vault guard!
The vault guard is severely wounded.
The vault guard hits you but does no damage.
You barely miss the vault guard.
The vault guard is severely wounded.
The vault guard hits you but does no damage.
You slash the vault guard!
The vault guard is severely wounded.
You block the vault guard's attack.
You slash the vault guard!
You feel better.
The vault guard is almost dead.
The vault guard hits you with a +0 broad axe.
* * * LOW HITPOINT WARNING * * *
You hit the vault guard.
The vault guard is almost dead.
The vault guard hits you with a +0 broad axe!!
You die...

#.....#
#.∩.∩.#
#.....######
##...##....##
#+#'#......##
#....#....#
#...####).#
#...#.....#
#...#...@.#
##..###p###
+..#≈..≈≈#
####≈†.≈≈#
##≈##≈)≈≈##
#≈≈≈≈≈†≈≈#
##≈≈≈≈..≈≈#
#≈≈≈≈.≈.≈≈##
#≈≈≈≈....≈≈#


You could see a vault guard.

Vanquished Creatures
  A gargoyle (D:6)
  A troll (D:8)
  Prince Ribbit (Bailey)
  Sigmund (D:5)
  Eustachio (D:5)
  2 humans (Bailey)
  2 sky beasts
  Pargi (D:3)
  An orc warrior (D:8)
  A centaur (D:8)
  2 kobold brigands (D:7)
  9 bullfrogs
  6 scorpions
  14 wights
  A howler monkey (D:7)
  9 hounds
  2 jellies
  A gnoll shaman (D:7)
  Natasha (thrice) (D:2)
  3 iguanas
  5 orc wizards
  8 gnolls
  6 adders
  3 ufetubi
  3 worms
  4 dart slugs
  17 orcs
  7 ball pythons
  9 endoplasms
  A giant cockroach (D:1)
  11 hobgoblins
  4 jackals (D:1)
  3 quokkas
  4 bats
  A frilled lizard (D:2)
  8 goblins
  7 kobolds
  9 rats
172 creatures vanquished.

Notes
Turn   | Place    | Note
-------+----------+-------------------------------------------
     0 | D:1      | vineage the Gargoyle Fighter began the quest for the Orb.
     0 | D:1      | Reached XP level 1. HP: 14/14 MP: 1/1
   300 | D:1      | Reached XP level 2. HP: 20/20 MP: 2/2
   311 | D:1      | Reached skill level 4 in Fighting
   665 | D:1      | Found a faded altar of an unknown god.
   681 | D:1      | Reached XP level 3. HP: 21/24 MP: 3/3
  1285 | D:1      | Reached skill level 5 in Fighting
  1359 | D:2      | You fall into a shaft and drop 2 floors!
  1373 | D:4      | Reached XP level 4. HP: 31/31 MP: 4/4
  1427 | D:3      | Reached skill level 6 in Fighting
  1440 | D:3      | Reached XP level 5. HP: 22/36 MP: 5/5
  2468 | D:2      | Noticed Natasha
  2490 | D:2      | Killed Natasha
  2491 | D:2      | Reached skill level 7 in Fighting
  2525 | D:2      | Noticed Natasha
  2534 | D:2      | Killed Natasha
  2535 | D:2      | Reached XP level 6. HP: 30/44 MP: 6/6
  3142 | D:2      | Noticed Natasha
  3155 | D:2      | Killed Natasha
  3408 | D:3      | Noticed Pargi
  3425 | D:3      | Killed Pargi
  3585 | D:3      | Found a stormy altar of Qazlal.
  3738 | D:3      | Reached skill level 8 in Fighting
  4346 | D:4      | Found Nolabil's Distillery.
  4451 | D:4      | Reached XP level 7. HP: 50/50 MP: 7/7
  4723 | D:5      | Entered Level 5 of the Dungeon
  4770 | D:5      | Reached skill level 9 in Fighting
  4894 | D:5      | Noticed Sigmund
  4909 | D:5      | Killed Sigmund
  4910 | D:5      | Reached skill level 10 in Fighting
  4910 | D:5      | Reached XP level 8. HP: 56/57 MP: 8/8
  5076 | D:5      | Noticed Eustachio
  5078 | D:5      | Identified the +9 hand axe "Asotata" {vamp, rF- rCorr
                  | Str+2}
  5119 | D:5      | Killed Eustachio
  5120 | D:5      | Reached skill level 11 in Fighting
  5378 | D:6      | Found a staircase to the Ecumenical Temple.
  5384 | D:6      | Reached skill level 1 in Axes
  5387 | Temple   | Entered the Ecumenical Temple
  5624 | Temple   | Became a worshipper of Warmaster Okawaru
  5895 | D:6      | Noticed a gargoyle
  6295 | D:6      | Reached XP level 9. HP: 37/65 MP: 9/9
  6362 | D:6      | Killed a gargoyle
  6362 | D:6      | Reached * piety under Okawaru
  6603 | D:7      | Reached skill level 12 in Fighting
  6739 | D:7      | Reached skill level 5 in Armour
  6739 | D:7      | Reached skill level 5 in Shields
  6977 | D:7      | Reached ** piety under Okawaru
  7264 | D:7      | Gained mutation: You have sharp toenails. [potion of
                  | mutation]
  7350 | D:8      | Noticed a troll
  7359 | D:8      | Killed a troll
  7360 | D:8      | Reached XP level 10. HP: 49/72 MP: 10/10
  7406 | D:8      | Reached skill level 13 in Fighting
  7528 | D:8      | Found a flagged portal.
  7582 | Bailey   | Entered a bailey
  7636 | Bailey   | Reached *** piety under Okawaru
  7660 | Bailey   | Noticed Prince Ribbit
  7660 | Bailey   | Noticed a vault guard
  7688 | Bailey   | Killed Prince Ribbit
  7707 | Bailey   | Slain by a vault guard

Illustrated notes

Levels and vault maps discovered:
D:1:      dpeg_arrival_morbid_curiosity, layout_loops_ring,
          basic_ecumenical_altar
D:2:      layout_loops_ring, uniq_natasha
D:3:      layout_basic, grunt_qazlal_clouds, uniq_pargi
D:4:      layout_basic, serial_shops, shop_fountains
D:5:      layout_cave_pools, serial_column_ruins, column_ruins_circle_medium,
          column_ruins_open_tiny, column_ruins_open_tiny, column_ruins_grid_2,
          column_ruins_corridor_dead_end, column_ruins_columns_corner,
          column_ruins_open_small, kennysheep_generic_room_7, uniq_sigmund,
          uniq_eustachio
D:6:      layout_basic, minmay_temple_entry_arrows, serial_rivers,
          chequers_serial_rivers_marsh, chequers_serial_rivers_large_b,
          chequers_serial_rivers_micro_a, chequers_serial_rivers_large_a
D:7:      layout_gridville, eino_tiny_chamber, minivault_4,
          hangedman_abyss_or_decor_stabs
D:8:      layout_rooms, ebering_ghost_funeral_grove, enter_bailey_8
Temple:   roderic_octagonal_lattice_temple
Bailey:   bailey_axe_froggy_fort_hellmonk, bailey

Skill      XL: |  1  2  3  4  5  6  7  8  9 10 |
---------------+-------------------------------+-----
Fighting       | 4 5 6 7 8 10 11 12 13 | 13.3
Axes           | 2 3 4 |  4.3
Shields        | 4 5 6 |  6.4
Armour         | 4 5 6 |  6.4
Maces & Flails | |  2.0

Action                   |  1- 3 |  4- 6 |  7- 9 | 10-12 || total
-------------------------+-------+-------+-------+-------++-------
Melee: Flail             |    79 |   237 |   140 |       ||   456
       Hand axe          |       |       |   180 |    81 ||   261
Invok: Heroism           |       |       |       |     2 ||     2
  Use: Scroll            |     3 |     6 |    11 |     1 ||    21
       Potion            |       |     3 |     4 |     3 ||    10
 Stab: Sleeping          |       |       |     1 |       ||     1
Armor: Scale mail        |    38 |    36 |       |       ||    74
       Ring mail         |       |    83 |       |       ||    83
       Troll leather arm |       |    11 |   148 |    20 ||   179
Dodge: Dodged            |    40 |   132 |   294 |    24 ||   490
Block: Buckler           |    16 |    87 |   136 |    28 ||   267

Table legend: (Time is in decaauts)
 A = Elapsed time spent in this place.
 B = Non-inter-level travel time spent in this place.
 C = Inter-level travel time spent in this place.
 D = Time resting spent in this place.
 E = Time spent auto-exploring this place.
 F = Levels seen in this place.
 G = Mean time per level.
                   A        B        C        D        E       F      G
               +--------+--------+--------+--------+--------+-----+--------+
         Total |   7945 |   7334 |    611 |    372 |   5394 |  10 |  794.5 |
       Dungeon |   7564 |   7022 |    542 |    372 |   5187 |   8 |  945.5 |
        Temple |    252 |    183 |     69 |      0 |    164 |   1 |  252.0 |
        Bailey |    128 |    128 |      0 |      0 |     43 |   1 |  128.0 |
               +--------+--------+--------+--------+--------+-----+--------+

Top non-repeatable levels by time:
     D:2: 1629 daAuts
     D:1: 1385 daAuts
     D:3: 1290 daAuts
     D:6: 905 daAuts
     D:5: 760 daAuts
     D:7: 738 daAuts
     D:4: 543 daAuts
     D:8: 311 daAuts
  Temple: 252 daAuts
  Bailey: 128 daAuts
